[Event "Wednesday Night Engine Tour 13 rd Swiss 3m+1s Starts at 2200hrs ST"]
[Site "Infinity Chess"]
[Date "2018.1.17"]
[Round "11"]
[White "KhalidOmar"]
[Black "Victorious"]
[Result "1-0"]
[ECO "D31"]
[WhiteElo "2518"]
[BlackElo "2571"]
[WhiteEngine "Eman SL 1.63 64-bit BMI2"]
[BlackEngine "BugChess2.41_Release"]
[EventType "Swiss"]
[WhiteTeam ""]
[BlackTeam ""]
[PlyCount "165"]
[TimeControl "180+1"]

1. d4 d5 2. c4 e6 3. Nc3 c6 4. e3 Nf6 5. Qc2 c5 6. Nf3 a6 7. cxd5 exd5 
8. Be2 cxd4 9. Nxd4 Bd6 10. O-O O-O 11. b3 Nc6 12. Nxc6 bxc6 13. Na4 Ne4 
14. Qxc6 Qh4 15. f4 Be6 16. Qc2 Rac8 17. Qd1 Bb4 18. Bb2 Nd2 19. Rf2 Ne4 
20. Rf3 Bd2 21. Bd4 Bf5 22. Rg3 Nxg3 23. hxg3 Bxe3+ 24. Bxe3 Qxg3 25. Bf2 Qxf4 
26. Nc5 Rc6 27. Qxd5 Rh6 28. g3 Be6 29. Qf3 Qd2 30. Nxe6 fxe6 31. Qd3 Qg5 
32. Rf1 a5 33. Bd4 Rxf1+ 34. Bxf1 Rg6 35. Bf2 Qd5 36. Qc2 Kf7 37. Bd3 Rg5 
38. Be4 Qe5 39. Kg2 h5 40. Bf3 Kg8 41. Qc8+ Kf7 42. Qd7+ Kg6 43. Qe7 h4 
44. g4 Qf5 45. Bxh4 Rxg4+ 46. Bxg4 Qxg4+ 47. Kf1 Qd1+ 48. Be1 Qd3+ 49. Kg1 Qe2 
50. Bf2 Qe4 51. Qh4 Qb1+ 52. Be1 Qxa2 53. Qg3+ Kf7 54. Qf2+ Qxf2+ 55. Kxf2 a4 
56. b4 a3 57. Ke3 g5 58. Kd3 a2 59. Bc3 Ke7 60. Kc4 Kd6 61. Kb3 g4 62. Kxa2 Kc6 
63. Kb3 Kd5 64. Be1 e5 65. b5 Kc5 66. Ka4 Kb6 67. Kb4 e4 68. Bf2+ Kb7 
69. Kc5 Kc7 70. b6+ Kb7 71. Kb5 e3 72. Bxe3 g3 73. Bd2 g2 74. Be3 g1=Q 
75. Bxg1 Kc8 76. Kc6 Kd8 77. b7 Ke8 78. Bd4 Kf7 79. b8=Q Kg6 80. Qf4 Kh5 
81. Qf5+ Kh6 82. Qg4 Kh7 83. Qg7# 1-0

[Event "Wednesday Night Engine Tour 13 rd Swiss 3m+1s Starts at 2200hrs ST"]
[Site "Infinity Chess"]
[Date "2018.1.17"]
[Round "10"]
[White "marudam"]
[Black "denochss"]
[Result "1-0"]
[ECO "C58"]
[WhiteElo "2469"]
[BlackElo "2351"]
[WhiteEngine "stockfish291217_CTG"]
[BlackEngine "BrainFish_171111_x64_bmi2"]
[EventType "Swiss"]
[WhiteTeam ""]
[BlackTeam ""]
[PlyCount "231"]
[TimeControl "180+1"]

1. e4 e5 2. Nf3 Nc6 3. Bc4 Nf6 4. Ng5 d5 5. exd5 Na5 6. Bb5+ c6 7. dxc6 bxc6 
8. Bd3 Nd5 9. Nf3 Bd6 10. Nc3 O-O 11. Be2 f5 12. d3 Nxc3 13. bxc3 Rb8 
14. O-O Qc7 15. g3 c5 16. Re1 h6 17. Bf1 Bb7 18. Bh3 Qf7 19. Nh4 Bc8 20. Bg2 Bd7 
21. Nf3 Rfe8 22. c4 e4 23. Nd2 Be5 24. Rb1 Rbd8 25. Nb3 Nb7 26. Bb2 Bxb2 
27. Rxb2 Bc6 28. Qd2 Re6 29. Rbb1 Rde8 30. Qc3 Qc7 31. a4 Bxa4 32. Ra1 Bxb3 
33. cxb3 Qb6 34. dxe4 fxe4 35. Rad1 Qb4 36. Qc2 Nd6 37. Re3 Qa5 38. Qe2 Qb6 
39. Rd5 Rf8 40. Qg4 Re7 41. Qd1 Re6 42. f4 Nf5 43. Re1 Nd4 44. Bxe4 Kh8 
45. Re5 Rxe5 46. fxe5 Qd8 47. Rf1 Rxf1+ 48. Qxf1 Qe7 49. Bg6 a5 50. Qg2 Qd8 
51. Qe4 Qg8 52. Qb7 Qd8 53. Kg2 Qg8 54. Qd5 Qc8 55. Kf2 Qf8+ 56. Kg1 Qc8 
57. Kg2 Ne6 58. Bf7 Nd8 59. Be8 Qf5 60. Qxd8 Qe4+ 61. Kf2 Qf5+ 62. Ke2 Qxe5+ 
63. Kd3 Qf5+ 64. Kd2 Qf8 65. Ke3 g6 66. Qd7 Qf6 67. Ke4 Qf2 68. Bf7 Qxh2 
69. Qc8+ Kg7 70. Qg8+ Kf6 71. Qxg6+ Ke7 72. Qe6+ Kf8 73. Kd5 Qd2+ 74. Kc6 Qd8 
75. Qxh6+ Kxf7 76. Qh7+ Ke6 77. Qe4+ Kf7 78. Qd5+ Qxd5+ 79. cxd5 c4 80. bxc4 a4 
81. d6 a3 82. d7 a2 83. d8=Q a1=Q 84. c5 Qb1 85. Qd5+ Ke7 86. Qd6+ Kf7 
87. Kc7 Qe1 88. c6 Qa1 89. Kd7 Qa7+ 90. Qc7 Qd4+ 91. Kc8+ Kg6 92. Qd7 Qh8+ 
93. Kc7 Qc3 94. Qe6+ Kh5 95. Kd8 Qd3+ 96. Qd7 Qb5 97. Qh3+ Kg5 98. Qe6 Qd3+ 
99. Ke7 Qc2 100. Kd6 Qc1 101. Qe5+ Kg6 102. c7 Qa3+ 103. Kd7 Qa7 104. Ke7 Qb7 
105. Qe6+ Kg5 106. Kd8 Qb2 107. c8=Q Qh8+ 108. Ke7 Qg7+ 109. Kd6 Qd4+ 
110. Qd5+ Qxd5+ 111. Kxd5 Kg6 112. Ke6 Kg7 113. Kf5 Kf7 114. Qd7+ Kg8 
115. Kf6 Kh8 116. Qg7# 1-0

[Event "Wednesday Night Engine Tour 13 rd Swiss 3m+1s Starts at 2200hrs ST"]
[Site "Infinity Chess"]
[Date "2018.1.17"]
[Round "10"]
[White "RonWeasley"]
[Black "miguello"]
[Result "1/2-1/2"]
[ECO "C53"]
[WhiteElo "2502"]
[BlackElo "2389"]
[WhiteEngine "BrainFish 130117_CTG"]
[BlackEngine "stockfish_18011309_x64_modern_CTG"]
[EventType "Swiss"]
[WhiteTeam ""]
[BlackTeam ""]
[PlyCount "123"]
[TimeControl "180+1"]

1. e4 e5 2. Nf3 Nc6 3. Bc4 Bc5 4. c3 Nf6 5. d3 O-O 6. O-O d6 7. Bb3 a6 
8. Nbd2 Ba7 9. a4 h6 10. Re1 Nh5 11. Nf1 Qf6 12. a5 Rb8 13. Be3 Bg4 14. N1d2 Qg6 
15. Qe2 Rfe8 16. Qf1 Bxe3 17. fxe3 Ne7 18. Nh4 Qf6 19. h3 Be6 20. Qxf6 Nxf6 
21. Bxe6 fxe6 22. g4 g5 23. Nhf3 Kf7 24. b4 Nc6 25. Kg2 Rf8 26. Rab1 Ke7 
27. Ra1 Rf7 28. Rh1 Rg8 29. Kf2 Rgf8 30. Ke2 Na7 31. c4 Nd7 32. Rhb1 Kd8 
33. b5 Nc5 34. bxa6 bxa6 35. Rb8+ Kd7 36. Rxf8 Rxf8 37. d4 exd4 38. exd4 Nb7 
39. Rb1 Rb8 40. Rh1 Rg8 41. d5 exd5 42. exd5 Re8+ 43. Kd3 Nc5+ 44. Kc2 c6 
45. h4 gxh4 46. Rxh4 cxd5 47. cxd5 Nb5 48. Rxh6 Re2 49. g5 Rg2 50. Rh7+ Ke8 
51. Rh8+ Kf7 52. Rh7+ Ke8 53. Rh8+ Kd7 54. Rh2 Rg4 55. Rh6 Rg2 56. g6 Ke7 
57. Rh7+ Kf6 58. Nh4 Nd4+ 59. Kc3 Nb5+ 60. Kc2 Nd4+ 61. Kc3 Nb5+ 62. Kc2 1/2-1/2

[Event "Wednesday Night Engine Tour 13 rd Swiss 3m+1s Starts at 2200hrs ST"]
[Site "Infinity Chess"]
[Date "2018.1.17"]
[Round "10"]
[White "ludimilojko"]
[Black "OlivierEvan"]
[Result "1/2-1/2"]
[ECO "C42"]
[WhiteElo "2386"]
[BlackElo "2439"]
[WhiteEngine "CorChess 2.0_x64_CTG"]
[BlackEngine "stockfish_18011309_x64"]
[EventType "Swiss"]
[WhiteTeam ""]
[BlackTeam ""]
[PlyCount "72"]
[TimeControl "180+1"]

1. e4 e5 2. Nf3 Nf6 3. Nxe5 d6 4. Nf3 Nxe4 5. d4 Nc6 6. d5 Ne5 7. Bb5+ Bd7 
8. Qe2 Nf6 9. Nc3 Be7 10. Bxd7+ Qxd7 11. Nxe5 dxe5 12. Bg5 O-O-O 13. O-O-O h6 
14. Bxf6 gxf6 15. Kb1 Kb8 16. a3 h5 17. h4 Qg4 18. Rde1 Rhg8 19. g3 Bd6 
20. Qe3 f5 21. Nb5 b6 22. Qd3 Kb7 23. Re3 f6 24. Nxd6+ Rxd6 25. c4 Rgd8 
26. Rc1 c6 27. Qc2 cxd5 28. cxd5 Rxd5 29. f3 Qd4 30. Rc3 Rc5 31. Qxf5 Rxc3 
32. Rxc3 Qd1+ 33. Ka2 Qd5+ 34. Kb1 Qd1+ 35. Ka2 Qd5+ 36. Kb1 Qd1+ 1/2-1/2

[Event "Wednesday Night Engine Tour 13 rd Swiss 3m+1s Starts at 2200hrs ST"]
[Site "Infinity Chess"]
[Date "2018.1.17"]
[Round "10"]
[White "incredible"]
[Black "avilllaa"]
[Result "1/2-1/2"]
[ECO "E10"]
[WhiteElo "2485"]
[BlackElo "2510"]
[WhiteEngine "Stockfish_x64_bmi2"]
[BlackEngine "Cryptic AIL V1"]
[EventType "Swiss"]
[WhiteTeam ""]
[BlackTeam ""]
[PlyCount "110"]
[TimeControl "180+1"]

1. d4 Nf6 2. c4 e6 3. Nf3 d5 4. Nc3 Bb4 5. Bg5 c5 6. dxc5 O-O 7. Qb3 Na6 
8. cxd5 Qa5 9. Bxf6 Nxc5 10. Qc2 gxf6 11. e3 Rd8 12. Be2 Bxc3+ 13. bxc3 Rxd5 
14. Nd2 Bd7 15. O-O Rc8 16. Bf3 Ba4 17. Nb3 Rd7 18. h3 Qb5 19. Rfd1 b6 
20. Rxd7 Qxd7 21. c4 Qe7 22. Qc3 Nd7 23. Nd4 h6 24. Rc1 f5 25. g3 Nc5 
26. Bg2 Kh7 27. Nb3 Nd7 28. e4 f4 29. gxf4 e5 30. Qe3 Rg8 31. fxe5 Nxe5 
32. f4 Ng6 33. Kh2 Nh4 34. Bh1 Nf5 35. Qf2 Ng3 36. e5 Nxh1 37. Rxh1 Qb4 
38. Qc2+ Kh8 39. Rg1 Rxg1 40. Kxg1 Qe1+ 41. Kh2 Bxb3 42. axb3 Qe3 43. Qf5 Qf2+ 
44. Kh1 Qf3+ 45. Kg1 Qg3+ 46. Kf1 Qxb3 47. Qxf7 Qf3+ 48. Ke1 Qe3+ 49. Kd1 Qd3+ 
50. Kc1 Qc3+ 51. Kb1 Qb3+ 52. Ka1 Qa3+ 53. Kb1 Qb3+ 54. Ka1 Qa3+ 55. Kb1 Qb3+ 
1/2-1/2

[Event "Wednesday Night Engine Tour 13 rd Swiss 3m+1s Starts at 2200hrs ST"]
[Site "Infinity Chess"]
[Date "2018.1.17"]
[Round "10"]
[White "Dovahkiin"]
[Black "jery"]
[Result "1/2-1/2"]
[ECO "A00"]
[WhiteElo "2440"]
[BlackElo "2464"]
[WhiteEngine "corchess_x64_modern_CTG"]
[BlackEngine "stockfish_18011309_x64_modern_CTG"]
[EventType "Swiss"]
[WhiteTeam ""]
[BlackTeam ""]
[PlyCount "97"]
[TimeControl "180+1"]

1. e3 e5 2. e4 Nf6 3. Nc3 Bc5 4. Bc4 O-O 5. Nf3 d6 6. d3 c6 7. a4 Nbd7 8. O-O h6 
9. h3 Bb4 10. Be3 Re8 11. Qb1 Nf8 12. Qa2 Be6 13. Bxe6 Nxe6 14. Ne2 a5 
15. Ng3 Bc5 16. Nf5 Qc7 17. Bxc5 Nxc5 18. Qa3 b6 19. Rfe1 Kh7 20. Qc3 Rad8 
21. b3 d5 22. exd5 Nxd5 23. Qc4 g6 24. Ne3 e4 25. dxe4 Rxe4 26. Nxd5 cxd5 
27. Qc3 d4 28. Qc4 Rf4 29. Ne5 Rf5 30. Nd3 Kg7 31. Rad1 Qd6 32. Nxc5 Rxc5 
33. Qd3 Qf6 34. c4 h5 35. Re4 Re5 36. g4 hxg4 37. hxg4 Qh4 38. Qf3 Rxe4 
39. Qxe4 d3 40. Rxd3 Rxd3 41. Qxd3 Qxg4+ 42. Kf1 f5 43. Qe3 Qd1+ 44. Kg2 Kf7 
45. Qxb6 Qg4+ 46. Kf1 Qd1+ 47. Kg2 Qg4+ 48. Kf1 Qd1+ 49. Kg2 1/2-1/2

[Event "Wednesday Night Engine Tour 13 rd Swiss 3m+1s Starts at 2200hrs ST"]
[Site "Infinity Chess"]
[Date "2018.1.17"]
[Round "10"]
[White "Thinker"]
[Black "ocirema"]
[Result "1/2-1/2"]
[ECO "B90"]
[WhiteElo "2509"]
[BlackElo "2493"]
[WhiteEngine "BrainFish_180113_x64_modern_CTG"]
[BlackEngine "stockfish_18011309_x64_modern_CTG"]
[EventType "Swiss"]
[WhiteTeam ""]
[BlackTeam ""]
[PlyCount "178"]
[TimeControl "180+1"]

1. e4 c5 2. Nf3 d6 3. d4 cxd4 4. Nxd4 Nf6 5. Nc3 a6 6. Be3 e5 7. Nb3 Be6 
8. h3 Be7 9. f4 Nc6 10. f5 Bxb3 11. axb3 Nb4 12. g3 d5 13. exd5 Qc7 14. d6 Bxd6 
15. Nb5 Nxc2+ 16. Ke2 Qc6 17. Nxd6+ Ke7 18. Rc1 Nxe3 19. Rxc6 Nxd1 20. Nxb7 Rhb8 
21. Rc7+ Kf8 22. Bg2 Nxb2 23. Nd6 e4 24. Rhc1 Rd8 25. Nxf7 Rd3 26. Ng5 Rxg3 
27. Bxe4 Nxe4 28. Rc8+ Rxc8 29. Rxc8+ Ke7 30. Nxe4 Rxb3 31. Rc7+ Ke8 
32. Rxg7 Nc4 33. Nf6+ Kd8 34. Nxh7 Nd6 35. f6 Rxh3 36. f7 Nxf7 37. Rxf7 Rh2+ 
38. Kd3 a5 39. Ra7 a4 40. Rxa4 Rh3+ 41. Ke2 Rh2+ 42. Kf3 Kc7 43. Ng5 Rh1 
44. Ra6 Kb7 45. Rd6 Rf1+ 46. Ke4 Re1+ 47. Kf5 Rh1 48. Ne6 Ra1 49. Kf4 Ra5 
50. Ke4 Rh5 51. Kd3 Rh2 52. Nc5+ Kc7 53. Re6 Rh3+ 54. Kc4 Rh1 55. Nb3 Rh5 
56. Nc5 Rh1 57. Nb3 Rh2 58. Kd5 Rh5+ 59. Kc4 Rh1 60. Nc5 Rc1+ 61. Kd5 Rd1+ 
62. Ke5 Re1+ 63. Ne4 Rh1 64. Nf6 Re1+ 65. Ne4 Rh1 66. Rd6 Rh5+ 67. Kd4 Rh4 
68. Rg6 Rh3 69. Nc5 Rh1 70. Kc4 Rc1+ 71. Kd4 Rd1+ 72. Nd3 Kb7 73. Kc4 Kb8 
74. Nc5 Rc1+ 75. Kd5 Rd1+ 76. Ke5 Rd8 77. Rg7 Ka8 78. Rg6 Re8+ 79. Kd4 Kb8 
80. Kc4 Ka7 81. Rh6 Rc8 82. Ra6+ Kb8 83. Rd6 Kc7 84. Kd5 Rg8 85. Re6 Kd8 
86. Ne4 Rg7 87. Ra6 Rg4 88. Rb6 Ke7 89. Rc6 Rg8 1/2-1/2

[Event "Wednesday Night Engine Tour 13 rd Swiss 3m+1s Starts at 2200hrs ST"]
[Site "Infinity Chess"]
[Date "2018.1.17"]
[Round "10"]
[White "KhalidOmar"]
[Black "Eman"]
[Result "1/2-1/2"]
[ECO "D30"]
[WhiteElo "2518"]
[BlackElo "2510"]
[WhiteEngine "Eman SL 1.63 64-bit BMI2"]
[BlackEngine "Eman SL 1.63 64-bit POPCNT"]
[EventType "Swiss"]
[WhiteTeam ""]
[BlackTeam ""]
[PlyCount "101"]
[TimeControl "180+1"]

1. d4 d5 2. c4 e6 3. Nf3 Nf6 4. Nc3 c6 5. Bg5 h6 6. Bxf6 Qxf6 7. e3 g6 
8. Bd3 Nd7 9. O-O dxc4 10. Bxc4 Bg7 11. e4 e5 12. Re1 O-O 13. d5 Rd8 14. a3 Nb6 
15. Bb3 Bg4 16. Re3 Qe7 17. Rc1 cxd5 18. Nxd5 Nxd5 19. Bxd5 Rac8 20. Rxc8 Rxc8 
21. Rd3 b6 22. h3 Be6 23. Bxe6 Qxe6 24. Rd8+ Rxd8 25. Qxd8+ Kh7 26. Qc7 Qa2 
27. g3 Qxb2 28. Qxf7 Qxa3 29. Nh4 Qc1+ 30. Kh2 Qc6 31. Qxa7 b5 32. Qb8 Qc2 
33. Qb6 Qxe4 34. Qxb5 Qd4 35. Kg1 Qa1+ 36. Kg2 Qa8+ 37. Kh2 Qa2 38. Qb6 Qf7 
39. Ng2 e4 40. Nf4 Be5 41. Ne6 Qf3 42. Kg1 e3 43. Qxe3 Qxe3 44. fxe3 Bxg3 
45. Nf4 g5 46. Ne6 Bh4 47. Kg2 Kg6 48. Nd4 h5 49. Nf3 Kf6 50. Nxh4 gxh4 51. Kf3 
1/2-1/2

[Event "Wednesday Night Engine Tour 13 rd Swiss 3m+1s Starts at 2200hrs ST"]
[Site "Infinity Chess"]
[Date "2018.1.17"]
[Round "10"]
[White "Gilgamesch"]
[Black "Vimtiroba"]
[Result "1/2-1/2"]
[ECO "D31"]
[WhiteElo "2567"]
[BlackElo "2534"]
[WhiteEngine "BrainFish_171005_x64_bmi2"]
[BlackEngine "SF@Infinity_CTG"]
[EventType "Swiss"]
[WhiteTeam ""]
[BlackTeam ""]
[PlyCount "95"]
[TimeControl "180+1"]

1. d4 d5 2. c4 e6 3. Nc3 c6 4. e4 dxe4 5. Nxe4 Bb4+ 6. Nc3 c5 7. Nf3 Nf6 
8. Be2 Ne4 9. Qd3 Qa5 10. Qxe4 Bxc3+ 11. Kf1 Bxd4 12. Nxd4 cxd4 13. Qxd4 f6 
14. Be3 Nc6 15. Qc5 Qxc5 16. Bxc5 e5 17. Bh5+ g6 18. Bf3 Be6 19. Bxc6+ bxc6 
20. b3 O-O-O 21. Ke2 Rd7 22. h4 Rhd8 23. Rhd1 Bf5 24. Rxd7 Rxd7 25. Rd1 a6 
26. Rxd7 Kxd7 27. Kd2 h6 28. Bf8 g5 29. h5 Bg4 30. Bxh6 Bxh5 31. g3 Bg6 
32. a4 Ke7 33. b4 Be8 34. Kc3 Bd7 35. Kd3 Bh3 36. Kc3 Bf1 37. b5 cxb5 
38. cxb5 a5 39. Bg7 Kf7 40. b6 Ba6 41. Bh6 Ke7 42. Kb3 Kf7 43. g4 Ke6 
44. Ka3 Kd7 45. Kb3 Ke6 46. Ka3 Kd6 47. Bf8+ Ke6 48. Bh6 1/2-1/2

[Event "Wednesday Night Engine Tour 13 rd Swiss 3m+1s Starts at 2200hrs ST"]
[Site "Infinity Chess"]
[Date "2018.1.17"]
[Round "10"]
[White "Victorious"]
[Black "star99"]
[Result "1-0"]
[ECO "B90"]
[WhiteElo "2558"]
[BlackElo "2487"]
[WhiteEngine "BugChess2.41_Release"]
[BlackEngine "Cryptic AIL V1"]
[EventType "Swiss"]
[WhiteTeam ""]
[BlackTeam ""]
[PlyCount "219"]
[TimeControl "180+1"]

1. e4 c5 2. Nf3 d6 3. d4 cxd4 4. Nxd4 Nf6 5. Nc3 a6 6. Be3 e5 7. Nb3 Be7 
8. Be2 Be6 9. Qd3 Nc6 10. a3 d5 11. exd5 Nxd5 12. O-O-O Nxe3 13. Qxe3 Qc7 
14. Nd5 Bxd5 15. Rxd5 O-O 16. Kb1 Rfd8 17. Rxd8+ Rxd8 18. Bd3 Bf6 19. g4 Nd4 
20. Nxd4 Rxd4 21. g5 Be7 22. h4 Qc5 23. Be4 b5 24. h5 Rd8 25. Qg3 b4 26. a4 Qd4 
27. f3 a5 28. g6 h6 29. gxf7+ Kxf7 30. Qh2 Kf8 31. Qe2 Qd6 32. Rf1 Qd7 
33. Qa6 Qc7 34. Bg6 Bf6 35. Re1 Bh4 36. Re3 Bf6 37. Qb5 Rb8 38. Qd3 Rd8 
39. Qb5 Rb8 40. Qd3 Rc8 41. Qd5 Rd8 42. Qb3 Qb7 43. Rd3 Rxd3 44. Qxd3 Ke7 
45. Be4 Qb6 46. Qd5 Qc7 47. Ka2 Kf8 48. Kb1 Ke7 49. Ka2 Bh4 50. Bf5 Bf6 
51. Qe6+ Kd8 52. Qg8+ Ke7 53. Qe6+ Kd8 54. Be4 Qd7 55. Qb6+ Qc7 56. Qe6 Qd7 
57. Qb6+ Qc7 58. Qb5 Ke7 59. Ka1 Kd6 60. Qd3+ Ke7 61. Qb5 Kd6 62. Qd5+ Ke7 
63. Kb1 Bh4 64. Bf5 Bf6 65. Qe6+ Kd8 66. Qg8+ Ke7 67. Qe6+ Kd8 68. Bg6 Qd7 
69. Qg8+ Ke7 70. Qc4 e4 71. Qc5+ Qd6 72. Qa7+ Qd7 73. Qc5+ Qd6 74. Qa7+ Ke6 
75. Bf7+ Ke5 76. Qxa5+ Kf4 77. fxe4 Qd4 78. Qf5+ Kg3 79. e5 Bxe5 80. Qd3+ Kg4 
81. Qxd4+ Bxd4 82. Ka2 Kf5 83. Kb3 Kf6 84. Kc4 Be5 85. Bg6 Ke7 86. Kxb4 Bxb2 
87. c4 Bd4 88. c5 Be5 89. Kb5 Bb8 90. Kb6 Kd8 91. a5 Bc7+ 92. Kb5 Bb8 
93. Ka6 Bc7 94. Bf5 Ke7 95. Kb5 g6 96. hxg6 Bb8 97. Kb6 Be5 98. a6 Kf6 
99. a7 Kxf5 100. a8=Q Kxg6 101. Qe4+ Kf6 102. c6 Bd6 103. c7 Bxc7+ 104. Kxc7 h5 
105. Kd6 h4 106. Qf4+ Kg6 107. Ke6 h3 108. Qg3+ Kh5 109. Kf6 h2 110. Qh3# 1-0

[Event "Wednesday Night Engine Tour 13 rd Swiss 3m+1s Starts at 2200hrs ST"]
[Site "Infinity Chess"]
[Date "2018.1.17"]
[Round "9"]
[White "incredible"]
[Black "OlivierEvan"]
[Result "1/2-1/2"]
[ECO "E10"]
[WhiteElo "2487"]
[BlackElo "2437"]
[WhiteEngine "Stockfish_x64_bmi2"]
[BlackEngine "stockfish_18011309_x64"]
[EventType "Swiss"]
[WhiteTeam ""]
[BlackTeam ""]
[PlyCount "153"]
[TimeControl "180+1"]

1. d4 Nf6 2. c4 e6 3. Nf3 d5 4. Nc3 c6 5. Bg5 Nbd7 6. e3 Qa5 7. Nd2 Bb4 
8. Qc2 dxc4 9. Bxf6 Nxf6 10. Nxc4 Qc7 11. a3 Be7 12. Be2 O-O 13. Rc1 Rd8 
14. Bf3 c5 15. Nb5 Qb8 16. dxc5 Bxc5 17. b4 Bf8 18. O-O Bd7 19. Nc3 Qc7 
20. Na5 Rab8 21. Qb2 Qb6 22. Rfd1 Be8 23. g3 Rxd1+ 24. Nxd1 Qa6 25. Kg2 b6 
26. Nc6 Bxc6 27. Rxc6 Qb5 28. Nc3 Qe5 29. Qc2 a5 30. bxa5 bxa5 31. a4 g5 
32. h3 Rb4 33. Rc8 Kg7 34. Qd1 Qd6 35. Qa1 Qe5 36. Qd1 Qd6 37. Qc2 Qe5 
38. Qd3 Be7 39. Qe2 Bf8 40. Nb5 Rb2 41. Rc2 Rxc2 42. Qxc2 Bc5 43. Qd1 Qb2 
44. Kf1 h6 45. Bg2 Ne8 46. Bc6 Nf6 47. Kg1 Bb4 48. Kg2 Bc5 49. Kf1 Qe5 
50. Kg2 Qb2 51. Kg1 Bb4 52. g4 Qe5 53. Kg2 Ne4 54. Bxe4 Qxe4+ 55. Kg1 Kh7 
56. Nd4 Kg7 57. Ne2 Qf3 58. Qd4+ Kg6 59. Qd3+ Kf6 60. Qd8+ Kg6 61. Ng3 Be1 
62. Qd3+ Kf6 63. Qc2 Ke7 64. Qc5+ Ke8 65. Qc8+ Ke7 66. Qc7+ Kf8 67. Qd6+ Kg7 
68. Qd4+ Kg6 69. Qb2 Qd1 70. Kg2 Qd5+ 71. Kf1 Bb4 72. Qh8 Bd6 73. Qg8+ Kf6 
74. Qd8+ Kg6 75. Qg8+ Kf6 76. Qd8+ Kg6 77. Qg8+ 1/2-1/2

[Event "Wednesday Night Engine Tour 13 rd Swiss 3m+1s Starts at 2200hrs ST"]
[Site "Infinity Chess"]
[Date "2018.1.17"]
[Round "9"]
[White "denochss"]
[Black "Cepri"]
[Result "1/2-1/2"]
[ECO "C77"]
[WhiteElo "2333"]
[BlackElo "2480"]
[WhiteEngine "BrainFish_171111_x64_bmi2"]
[BlackEngine "asmFishW_12J18Mb_CTG"]
[EventType "Swiss"]
[WhiteTeam ""]
[BlackTeam ""]
[PlyCount "109"]
[TimeControl "180+1"]

1. e4 e5 2. Nf3 Nc6 3. Bb5 a6 4. Ba4 Nf6 5. O-O Be7 6. Re1 b5 7. Bb3 O-O 
8. c3 d5 9. exd5 Nxd5 10. Nxe5 Nxe5 11. Rxe5 c6 12. d4 Bd6 13. Re1 Qh4 
14. g3 Qh3 15. Be3 Bg4 16. Qd3 Rae8 17. Nd2 Re6 18. a4 Qh5 19. axb5 axb5 
20. Nf1 Bf5 21. Qd2 Bh3 22. Bd1 Qg6 23. Bf3 Qf5 24. Qd1 h5 25. Ra6 Bc7 
26. Be2 Nf6 27. d5 Nxd5 28. Bd3 Qg4 29. Qxg4 Bxg4 30. Kg2 Rd8 31. Bc2 Ree8 
32. Rxc6 Bc8 33. Kg1 Bb7 34. Rc5 Bb6 35. Rxb5 Bc6 36. Rb3 Nxe3 37. fxe3 Bc5 
38. c4 Ra8 39. Bf5 Ra4 40. Rc1 Ra2 41. Bh3 Ba4 42. Rd3 Rxb2 43. Rd5 Bf8 
44. Bg2 g6 45. Ra1 Bc6 46. Rd2 Rxd2 47. Bxc6 Red8 48. Nxd2 Rxd2 49. Bd5 Bc5 
50. Kh1 Bxe3 51. Ra3 Rd1+ 52. Kg2 Rd2+ 53. Kh1 Rd1+ 54. Kg2 Rd2+ 55. Kh1 1/2-1/2

[Event "Wednesday Night Engine Tour 13 rd Swiss 3m+1s Starts at 2200hrs ST"]
[Site "Infinity Chess"]
[Date "2018.1.17"]
[Round "9"]
[White "miguello"]
[Black "Victorious"]
[Result "0-1"]
[ECO "A05"]
[WhiteElo "2399"]
[BlackElo "2548"]
[WhiteEngine "stockfish_18011309_x64_modern_CTG"]
[BlackEngine "BugChess2.41_Release"]
[EventType "Swiss"]
[WhiteTeam ""]
[BlackTeam ""]
[PlyCount "58"]
[TimeControl "180+1"]

1. Nf3 Nf6 2. d4 e6 3. c4 d5 4. Nc3 c6 5. e3 Nbd7 6. Qc2 Bd6 7. Bd3 dxc4 
8. Bxc4 O-O 9. O-O b5 10. Bd3 Bb7 11. Bd2 b4 12. Ne4 Nxe4 13. Bxe4 f5 14. Bd3 c5 
15. Qd1 g5 16. Qb3 Kh8 17. Bb5 Bd5 18. Bc4 g4 19. Ne1 Bxh2+ 20. Kxh2 Qh4+ 
21. Kg1 Be4 22. f4 Rf6 23. Rf2 g3 24. Rf3 Rh6 25. Kf1 Qh1+ 26. Ke2 Bxf3+ 
27. Kxf3 Qh5+ 28. Kxg3 Nf6 29. Qd3 Ne4+ 0-1

[Event "Wednesday Night Engine Tour 13 rd Swiss 3m+1s Starts at 2200hrs ST"]
[Site "Infinity Chess"]
[Date "2018.1.17"]
[Round "9"]
[White "jery"]
[Black "RonWeasley"]
[Result "1/2-1/2"]
[ECO "C11"]
[WhiteElo "2462"]
[BlackElo "2504"]
[WhiteEngine "stockfish_18011309_x64_modern_CTG"]
[BlackEngine "BrainFish 130117_CTG"]
[EventType "Swiss"]
[WhiteTeam ""]
[BlackTeam ""]
[PlyCount "113"]
[TimeControl "180+1"]

1. e4 e6 2. d4 d5 3. Nc3 Nf6 4. e5 Nfd7 5. f4 c5 6. Nf3 Nc6 7. Be3 cxd4 
8. Nxd4 Qb6 9. Qd2 Qxb2 10. Rb1 Qa3 11. Bb5 Nxd4 12. Bxd4 a6 13. Bxd7+ Bxd7 
14. Rb3 Qe7 15. Rxb7 Rc8 16. O-O Qd8 17. Qf2 Rxc3 18. Bxc3 Qc8 19. Rb3 Ba4 
20. Bd4 Bxb3 21. axb3 Be7 22. c3 O-O 23. b4 Qc6 24. Ra1 Bd8 25. g3 Bc7 
26. Kg2 Ra8 27. Qf1 h6 28. Ra2 Qb7 29. Qf2 a5 30. Qc2 Qb5 31. Qa4 Qc4 
32. bxa5 Qxa4 33. Rxa4 Rxa5 34. Rb4 Ra2+ 35. Kf3 Kf8 36. h3 Ke8 37. Rb7 Bd8 
38. Be3 Rc2 39. Bd4 h5 40. Rb8 Kd7 41. Rb7+ Ke8 42. g4 g6 43. gxh5 gxh5 
44. Rb8 Kd7 45. Rb7+ Ke8 46. Rb1 Kd7 47. Rb8 Bh4 48. Rb3 Rh2 49. Rb7+ Ke8 
50. Rb8+ Kd7 51. Rb7+ Kc6 52. Rxf7 Rxh3+ 53. Ke2 Rh2+ 54. Kf3 Rh3+ 55. Ke2 Rh2+ 
56. Kd3 Rh3+ 57. Ke2 1/2-1/2

[Event "Wednesday Night Engine Tour 13 rd Swiss 3m+1s Starts at 2200hrs ST"]
[Site "Infinity Chess"]
[Date "2018.1.17"]
[Round "9"]
[White "Dovahkiin"]
[Black "ocirema"]
[Result "1/2-1/2"]
[ECO ""]
[WhiteElo "2438"]
[BlackElo "2495"]
[WhiteEngine "corchess_x64_modern_CTG"]
[BlackEngine "stockfish_18011309_x64_modern_CTG"]
[EventType "Swiss"]
[WhiteTeam ""]
[BlackTeam ""]
[PlyCount "123"]
[TimeControl "180+1"]

1. e3 d5 2. d3 e5 3. d4 Nc6 4. Nf3 e4 5. Nfd2 f5 6. c4 Nf6 7. Nc3 Be6 
8. cxd5 Nxd5 9. Qb3 Qd7 10. Qxb7 Rb8 11. Qa6 Bb4 12. Nxd5 Bxd5 13. a3 Bxd2+ 
14. Bxd2 Rb6 15. Qe2 Rxb2 16. Rc1 O-O 17. Qd1 Qe6 18. Rc5 Rfb8 19. Be2 f4 
20. Bg4 Qd6 21. O-O Ne5 22. Bc1 Bb3 23. Be6+ Qxe6 24. Qh5 Nf3+ 25. gxf3 Rc2 
26. exf4 Rxc5 27. dxc5 exf3 28. Kh1 Bc2 29. Rg1 Bg6 30. Qg5 Qf5 31. c6 a6 
32. Be3 Re8 33. Rd1 Qe6 34. Bd4 Qe1+ 35. Rxe1 Rxe1+ 36. Qg1 Rxg1+ 37. Kxg1 Be4 
38. Be5 Bxc6 39. Bxc7 Kf7 40. h3 Ke6 41. Kh2 Kf5 42. Kg3 g6 43. h4 h5 44. Be5 a5 
45. a4 Bxa4 46. Bc3 Be8 47. Bxa5 Ke4 48. Bc3 Bc6 49. Be5 Bd5 50. Bd6 Bc4 
51. Bc7 Bd5 52. Be5 Bf7 53. Bb8 Be6 54. Be5 Bf5 55. Bb8 Bg4 56. Bd6 Be6 
57. Be5 Bc4 58. Bd6 Bd5 59. Be5 Bc4 60. Bd6 Bb5 61. Bb8 Bc4 62. Bd6 1/2-1/2

[Event "Wednesday Night Engine Tour 13 rd Swiss 3m+1s Starts at 2200hrs ST"]
[Site "Infinity Chess"]
[Date "2018.1.17"]
[Round "9"]
[White "MGR"]
[Black "Thinker"]
[Result "1/2-1/2"]
[ECO "C50"]
[WhiteElo "2498"]
[BlackElo "2509"]
[WhiteEngine "asmFishW_2017-11-19_bmi2"]
[BlackEngine "BrainFish_180113_x64_modern_CTG"]
[EventType "Swiss"]
[WhiteTeam ""]
[BlackTeam ""]
[PlyCount "68"]
[TimeControl "180+1"]

1. e4 e5 2. Nf3 Nc6 3. Bc4 Bc5 4. O-O Nf6 5. d3 d6 6. c3 O-O 7. Bg5 h6 8. Bh4 a6 
9. a4 g5 10. Bg3 Ba7 11. Nbd2 Nh7 12. h3 h5 13. Kh1 Kh8 14. b4 g4 15. Nh4 Qg5 
16. Kh2 Ne7 17. d4 exd4 18. cxd4 f5 19. f4 Qg7 20. Bb3 fxe4 21. Nxe4 Nf5 
22. Re1 Nxh4 23. Bxh4 gxh3 24. gxh3 Rxf4 25. Qxh5 Bxd4 26. Ng5 Bd7 27. Ra2 Raf8 
28. Rg2 Be5 29. Rxe5 Rxh4 30. Qxh4 Qxe5+ 31. Kg1 Qa1+ 32. Kh2 Qe5+ 33. Kg1 Qe3+ 
34. Kh2 Qe5+ 1/2-1/2